 Dungeon Crawl Stone Soup version 0.30.1 (webtiles) character file.

Game seed: 9641319662691535023

14691 Handcuff the Nimble (level 12, -14/82 (84) HPs)
             Began as a Gnoll Gladiator on July 1, 2023.
             Was a High Priest of Hepliaklqana.
             Demolished by a steelbarb worm (17 damage)
             ... on level 1 of the Spider Nest.
             The game lasted 00:33:35 (9159 turns).

Handcuff the Nimble (Gnoll Gladiator)               Turns: 9159, Time: 00:33:36

HP:   -14/82 (84)   AC:  5    Str: 14    XL:     12   Next: 19%
MP:   15/22         EV: 15    Int: 13    God:    Hepliaklqana [*****.]
Gold: 292           SH:  5    Dex: 11    Spells: 2/25 levels left

rFire   + . .        a - +8 quarterstaff
rCold   x . .        (shield currently unavailable)
rNeg    . . .        C - +0 troll leather armour
rPois   .            (helmet restricted)
rElec   .            (no cloak)
rCorr   .            (no gloves)
SInv    .            (no boots)
Will    +....        A - amulet of reflection
Stlth   +++          h - ring of fire
HPRegen 1.13/turn    u - ring of willpower
MPRegen 0.18/turn

%: reflection
@: mighty, spiked, animating dead, very slightly contaminated, lightly drained
A: reduced essence, fangs 1, strong nose, distributed training, horns 1, clumsy
1
a: Renounce Religion, Recall Ancestor, Ancestor Identity, Transference, Idealise


You were on level 1 of the Spider Nest.
You worshipped Hepliaklqana.
Hepliaklqana was extremely pleased with you.
You visited 3 branches of the dungeon, and saw 12 of its levels.

You collected 422 gold pieces.
You spent 130 gold pieces at shops.

Inventory:

Hand Weapons
 a - a +8 quarterstaff (weapon)
Missiles
 d - 5 throwing nets
 e - a javelin
 t - 5 atropa-tipped darts
 I - 2 curare-tipped darts (quivered)
Armour
 c - a +2 helmet
 g - +1 storm dragon scales
 C - a +0 troll leather armour (worn)
Jewellery
 h - a ring of fire (left hand)
 r - an amulet of the acrobat
 u - a ring of willpower (right hand)
 w - a ring of ice
 A - an amulet of reflection (around neck)
 E - an amulet of reflection
Wands
 f - a wand of quicksilver (2)
 m - a wand of paralysis (6)
 n - a wand of iceblast (12)
 p - a wand of flame (21)
Scrolls
 b - 5 scrolls of teleportation
 j - a scroll of fear
 k - 2 scrolls of noise
 v - 2 scrolls of immolation
 x - 2 scrolls of magic mapping
 y - a scroll of amnesia
 F - a scroll of torment
 G - a scroll of vulnerability
 H - a scroll of butterflies
Potions
 i - 3 potions of might
 q - 3 potions of flight
 s - 2 potions of magic
 z - a potion of brilliance {unknown}
 B - a potion of lignification {unknown}
 D - a potion of degeneration {unknown}


   Skills:
 + Level 8.7 Fighting
 + Level 7.3 Short Blades
 + Level 7.3 Long Blades
 + Level 7.3 Axes
 + Level 7.3 Maces & Flails
 + Level 7.3 Polearms
 + Level 9.9 Staves
 + Level 7.3 Ranged Weapons
 + Level 8.7 Throwing
 + Level 7.3 Armour
 + Level 9.9 Dodging
 + Level 7.3 Stealth
 + Level 7.3 Shields
 + Level 7.3 Unarmed Combat
 + Level 7.3 Spellcasting
 + Level 6.0 Conjurations
 + Level 6.0 Hexes
 + Level 6.0 Summonings
 + Level 6.0 Necromancy
 + Level 6.0 Translocations
 + Level 6.0 Transmutations
 + Level 6.0 Fire Magic
 + Level 6.0 Ice Magic
 + Level 6.0 Air Magic
 + Level 6.0 Earth Magic
 + Level 6.0 Poison Magic
 + Level 8.0 Invocations
 + Level 7.3 Evocations


You had 2 spell levels left.
You knew the following spells:

 Your Spells              Type           Power      Damage    Failure   Level
a - Animate Dead          Necr           20%        N/A       14%         4
b - Ensorcelled Hibernat  Hex/Ice        40%        N/A       2%          2
d - Call Imp              Summ           40%        N/A       2%          2
e - Frozen Ramparts       Ice            40%        1d7       4%          3
f - Mephitic Cloud        Conj/Pois/Air  20%        N/A       4%          3
g - Spider Form           Tmut/Pois      20%        N/A       4%          3
h - Stone Arrow           Conj/Erth      40%        3d9       4%          3
i - Vhi's Electric Charg  Tloc/Air       40%        N/A       4%          3

Your spell library contained the following spells:

 Spells                   Type           Power      Damage    Failure   Level
 Freeze                   Ice            80%        1d9       1%          1
 Magic Dart               Conj           80%        1d7       1%          1
 Sandblast                Erth           40%        2d10      1%          1
 Passwall                 Tmut/Erth      16%        N/A       2%          2
 Hailstorm                Conj/Ice       20%        3d6       4%          3
 Swiftness                Air            20%        N/A       4%          3
 Anguish                  Hex/Necr       10%        N/A       14%         4
 Arcjolt                  Conj/Air       10%        1d20      36%         5
 Borgnjor's Vile Clutch   Necr/Erth      10%        N/A       36%         5
 Death Channel            Necr           10%        N/A       91%         6
 Plasma Beam              Fire/Air       15%        2x1d29    91%         6


Dungeon Overview and Level Annotations

Branches:
Dungeon (9/15)             Temple (0/1) D:5            Lair (2/5) D:9
 Shoals (0/4) Lair:2       Spider (1/4) Lair:2
    Orc: D:9-12

Altars:
Hepliaklqana

Shops:
D:6 [   D:8 !


Innate Abilities, Weirdness & Mutations

Your life essence is reduced to manifest your ancestor. (-10% HP)
You have very sharp teeth.
Your uncanny sense of smell can sniff out nearby items.
Your experience applies equally to all skills.
You have a pair of small horns on your head.
You are clumsy. (Dex -2)


Message History

You feel very mighty all of a sudden. The demonic crawler misses you.
The demonic crawler hits you! The demonic crawler closely misses you.
Fido hits the demonic crawler with a +0 quarterstaff.
You sock the demonic crawler! You headbutt the demonic crawler.
You bite the demonic crawler!
The demonic crawler is severely wounded.
The demonic crawler barely misses you. The demonic crawler hits you. x2
The steelbarb worm hits you.
Barbed spikes become lodged in your body.
Fido barely misses the demonic crawler.
You hit the demonic crawler. You headbutt the demonic crawler.
The demonic crawler is almost dead.
The demonic crawler closely misses you. The demonic crawler barely misses you.
The demonic crawler hits you! The steelbarb worm barely misses you.
The demonic crawler completely misses you.
The demonic crawler hits you! The demonic crawler hits you.
Unknown command.
You thump the demonic crawler!
The demonic crawler is almost dead.
Fido hits the demonic crawler with a +0 quarterstaff.
The demonic crawler closely misses you. The demonic crawler hits you.
The demonic crawler hits you!
* * * LOW HITPOINT WARNING * * *
The steelbarb worm hits you!!
* * * LOW HITPOINT WARNING * * *
Barbed spikes become lodged in your body.
Unknown command.
The barbs in your skin will harm you if you move.
Continue?
Okay, then.
The barbs in your skin will harm you if you move.
Continue?
Okay, then.
Aiming: Quicksilver Bolt
Press: ? - help, Shift-Dir - straight line, f/p - demonic crawler
Aim: a demonic crawler (severely wounded, ally target, 88% to hit)
The bolt of dispelling energy misses the demonic crawler.
Fido hits the demonic crawler but does no damage.
The demonic crawler hits Fido!
The demonic crawler hits Fido. x2
The steelbarb worm hits you!
You die...

### ###################
#..^##...^.........#....
......wR................
!.....s@...............#
....#.......†...........
. #..#^#....#.^.....#.
######...#......[###
#.....#......##
##....^......#
#.......^....#
#........#.[##
#......######


You could see the friendly Fido the battlemage, a steelbarb worm and a demonic
crawler (distracted, ally target).

Vanquished Creatures
  A deep troll (Lair:1)
  A wolf spider (Spider:1)
  A black mamba (Lair:1)
  2 komodo dragons (Lair:2)
  A cane toad (Lair:1)
  A troll (D:9)
  3 blink frogs (Lair:2)
  4 jumping spiders (Spider:1)
  2 shadows (D:9)
  5 yaks (Lair:1)
  A wyvern (D:8)
  A steam dragon (D:8)
  9 water moccasins
  2 ice beasts
  3 orc warriors (D:9)
  2 ogres
  2 wolves (Lair:2)
  A kobold brigand (D:9)
  2 bullfrogs
  2 wights (D:6)
  2 killer bees (D:9)
  A hound (D:7)
  A jelly (D:7)
  4 iguanas
  2 orc wizards (D:9)
  10 gnolls
  5 adders
  A shadow imp (D:7)
  A worm (D:2)
  A dart slug (D:3)
  7 orcs
  4 bats
  5 endoplasms
  2 giant cockroaches
  7 goblins
  5 hobgoblins
  6 jackals (D:2)
  3 quokkas
  3 ball pythons
  2 frilled lizards (D:2)
  6 kobolds
  4 rats
128 creatures vanquished.

Vanquished Creatures (collateral kills)
  2 orb spiders
  A wolf spider (Spider:1)
  A water nymph (Lair:2)
  2 black mambas
  A cane toad (Lair:1)
  A torpor snail (Spider:1)
  A komodo dragon (Lair:2)
  A polar bear (Lair:2)
  2 tarantellas (Spider:1)
  Prince Ribbit (D:9)
  Sigmund (D:3)
  A culicivora (Spider:1)
  3 yaks (Lair:1)
  2 redbacks (Spider:1)
  An acid dragon (D:5)
  2 water moccasins
  An orc warrior (D:8)
  An ice beast (D:3)
  A sky beast (D:7)
  3 wolves (Lair:2)
  3 centaurs
  3 bullfrogs
  A kobold brigand (D:9)
  A gnoll sergeant (D:8)
  A scorpion (D:5)
  A wight (D:6)
  A killer bee (D:9)
  2 howler monkeys
  A jelly (D:6)
  3 hounds
  A sleepcap (D:4)
  6 orc wizards
  6 gnolls
  9 adders
  A shadow imp (D:6)
  A white imp (D:6)
  A worm (D:3)
  12 orcs
  2 ball pythons
  3 endoplasms
  3 goblins
  2 hobgoblins
  6 kobolds
  A quokka (D:3)
  3 frilled lizards
103 creatures vanquished.

Vanquished Creatures (others)
  A wolf spider (Spider:1)
  A redback zombie (Spider:1)
  A culicivora zombie (Spider:1)
  A tarantella zombie (Spider:1)
  4 battlemagi
8 creatures vanquished.

Grand Total: 239 creatures vanquished

Notes
Turn   | Place    | Note
-------+----------+-------------------------------------------
     0 | D:1      | Handcuff the Gnoll Gladiator began the quest for the Orb.
     0 | D:1      | Reached XP level 1. HP: 20/20 MP: 1/1
    81 | D:1      | Reached XP level 2. HP: 26/26 MP: 2/2
   135 | D:1      | Found a faded altar of an unknown god.
   150 | D:1      | Prayed at the altar of an unknown god.
   150 | D:1      | Became a worshipper of Hepliaklqana the Forgotten
   150 | D:1      | Reached * piety under Hepliaklqana
   486 | D:1      | Reached XP level 3. HP: 26/27 MP: 3/3
   488 | D:1      | Learned a level 1 spell: Sandblast
   501 | D:1      | Learned a level 2 spell: Ensorcelled Hibernation
   632 | D:1      | You fall into a shaft and drop 1 floor!
   758 | D:2      | Reached skill level 1 in Invocations
   813 | D:2      | Reached skill level 1 in Short Blades
   813 | D:2      | Reached skill level 1 in Long Blades
   813 | D:2      | Reached skill level 1 in Axes
   813 | D:2      | Reached skill level 1 in Maces & Flails
   813 | D:2      | Reached skill level 1 in Polearms
   813 | D:2      | Reached skill level 1 in Ranged Weapons
   813 | D:2      | Reached skill level 1 in Armour
   813 | D:2      | Reached skill level 1 in Stealth
   813 | D:2      | Reached skill level 1 in Shields
   813 | D:2      | Reached skill level 1 in Unarmed Combat
   813 | D:2      | Reached skill level 1 in Spellcasting
   813 | D:2      | Reached skill level 1 in Evocations
   901 | D:2      | Learned a level 1 spell: Freeze
  1159 | D:2      | Reached ** piety under Hepliaklqana
  1160 | D:2      | Remembered your ancestor Fido as a battlemage
  1352 | D:3      | Reached XP level 4. HP: 34/34 MP: 5/5
  1472 | D:3      | Reached skill level 1 in Conjurations
  1472 | D:3      | Reached skill level 1 in Hexes
  1472 | D:3      | Reached skill level 1 in Summonings
  1472 | D:3      | Reached skill level 1 in Necromancy
  1472 | D:3      | Reached skill level 1 in Translocations
  1472 | D:3      | Reached skill level 1 in Transmutations
  1472 | D:3      | Reached skill level 1 in Fire Magic
  1472 | D:3      | Reached skill level 1 in Ice Magic
  1472 | D:3      | Reached skill level 1 in Air Magic
  1472 | D:3      | Reached skill level 1 in Earth Magic
  1472 | D:3      | Reached skill level 1 in Poison Magic
  1556 | D:3      | Reached XP level 5. HP: 32/38 MP: 5/7
  1585 | D:3      | Noticed an ice beast
  1594 | D:3      | Killed an ice beast
  1709 | D:3      | Reached XP level 6. HP: 30/45 MP: 8/8
  1788 | D:3      | Reached skill level 5 in Fighting
  1788 | D:3      | Reached skill level 5 in Throwing
  1819 | D:3      | You fall into a shaft and drop 1 floor!
  1931 | D:4      | Reached XP level 7. HP: 50/50 MP: 10/10
  2060 | D:3      | Noticed Sigmund
  2068 | D:3      | Killed Sigmund
  2913 | D:5      | Entered Level 5 of the Dungeon
  3166 | D:5      | Reached *** piety under Hepliaklqana
  3280 | D:5      | Reached XP level 8. HP: 56/56 MP: 12/12
  3296 | D:5      | Found a staircase to the Ecumenical Temple.
  3763 | D:6      | Found Zoemomey's Armour Boutique.
  3788 | D:6      | Gained mutation: You have hidden genetic potential. [potion
                  | of mutation]
  3788 | D:6      | Gained mutation: Your mind is acute. (Int +4, Str/Dex -1)
                  | [potion of mutation]
  3788 | D:6      | Gained mutation: Your mind is very acute. (Int +8, Str/Dex
                  | -2) [potion of mutation]
  3791 | D:6      | Lost mutation: Your mind is very acute. (Int +8, Str/Dex
                  | -2) [potion of mutation]
  3791 | D:6      | Lost mutation: You have hidden genetic potential. [potion
                  | of mutation]
  3791 | D:6      | Lost mutation: Your mind is acute. (Int +4, Str/Dex -1)
                  | [potion of mutation]
  3791 | D:6      | Gained mutation: You are clumsy. (Dex -2) [potion of
                  | mutation]
  3791 | D:6      | Gained mutation: You have a pair of small horns on your
                  | head. [potion of mutation]
  4350 | D:6      | Reached XP level 9. HP: 62/62 MP: 14/14
  4742 | D:7      | Reached **** piety under Hepliaklqana
  5326 | D:8      | Found Jiagiuv's Distillery.
  5339 | D:8      | Bought 2 potions of curing for 78 gold pieces
  5339 | D:8      | Bought a potion of might for 52 gold pieces
  5693 | D:8      | Reached skill level 5 in Invocations
  6129 | D:9      | Noticed Prince Ribbit
  6140 | D:9      | Killed Prince Ribbit
  6204 | D:9      | Reached skill level 5 in Short Blades
  6204 | D:9      | Reached skill level 5 in Long Blades
  6204 | D:9      | Reached skill level 5 in Axes
  6204 | D:9      | Reached skill level 5 in Maces & Flails
  6204 | D:9      | Reached skill level 5 in Polearms
  6204 | D:9      | Reached skill level 5 in Ranged Weapons
  6204 | D:9      | Reached skill level 5 in Armour
  6204 | D:9      | Reached skill level 5 in Stealth
  6204 | D:9      | Reached skill level 5 in Shields
  6204 | D:9      | Reached skill level 5 in Unarmed Combat
  6204 | D:9      | Reached skill level 5 in Spellcasting
  6204 | D:9      | Reached skill level 5 in Evocations
  6204 | D:9      | Reached XP level 10. HP: 69/69 MP: 17/17
  6265 | D:9      | Found a staircase to the Lair.
  6831 | D:9      | Reached ***** piety under Hepliaklqana
  6909 | Lair:1   | Entered Level 1 of the Lair of Beasts
  7077 | Lair:1   | Noticed a cane toad
  7086 | Lair:1   | Killed a cane toad
  7180 | Lair:1   | Noticed a cane toad
  7190 | Lair:1   | Killed a cane toad
  7191 | Lair:1   | Reached skill level 5 in Conjurations
  7191 | Lair:1   | Reached skill level 5 in Hexes
  7191 | Lair:1   | Reached skill level 5 in Summonings
  7191 | Lair:1   | Reached skill level 5 in Necromancy
  7191 | Lair:1   | Reached skill level 5 in Translocations
  7191 | Lair:1   | Reached skill level 5 in Transmutations
  7191 | Lair:1   | Reached skill level 5 in Fire Magic
  7191 | Lair:1   | Reached skill level 5 in Ice Magic
  7191 | Lair:1   | Reached skill level 5 in Air Magic
  7191 | Lair:1   | Reached skill level 5 in Earth Magic
  7191 | Lair:1   | Reached skill level 5 in Poison Magic
  7195 | Lair:1   | Reached XP level 11. HP: 67/76 MP: 18/20
  7198 | Lair:1   | Learned a level 2 spell: Call Imp
  7202 | Lair:1   | Learned a level 3 spell: Frozen Ramparts
  7206 | Lair:1   | Learned a level 3 spell: Mephitic Cloud
  7210 | Lair:1   | Learned a level 3 spell: Spider Form
  7214 | Lair:1   | Learned a level 3 spell: Stone Arrow
  7218 | Lair:1   | Learned a level 3 spell: Vhi's Electric Charge
  7679 | Lair:1   | Noticed a deep troll
  7706 | Lair:1   | Killed a deep troll
  7907 | Lair:2   | Found a hole to the Spider Nest.
  7907 | Lair:2   | Noticed an orb spider
  8067 | Lair:2   | Killed an orb spider
  8536 | Lair:2   | Found a staircase to the Shoals.
  8955 | Spider:1 | Entered Level 1 of the Spider Nest
  8969 | Spider:1 | Learned a level 4 spell: Animate Dead
  8994 | Spider:1 | Noticed a wolf spider
  9001 | Spider:1 | Noticed an orb spider
  9004 | Spider:1 | Noticed a wolf spider
  9013 | Spider:1 | Killed a wolf spider
  9017 | Spider:1 | Killed a wolf spider
  9021 | Spider:1 | Killed an orb spider
  9022 | Spider:1 | Reached XP level 12. HP: 31/84 MP: 15/22
  9158 | Spider:1 | HP: 2/82 [steelbarb worm (22)]
  9159 | Spider:1 | Demolished by a steelbarb worm

Illustrated notes

Levels and vault maps discovered:
D:1:      dpeg_arrival_shelter, layout_rooms, shapermc_ecumenical_altar_venn,
          minmay_crystal_room, nrook_mini_vaults
D:2:      layout_loops_cross
D:3:      layout_rooms, uniq_sigmund
D:4:      layout_basic, minmay_surrounded
D:5:      layout_rooms, minmay_temple_entry_trees
D:6:      layout_basic, serial_shops, shop
D:7:      nicolae_BIG_FREAKIN_CUBE, layout_basic, minmay_misc_feat_secret_circle
D:8:      layout_basic, serial_shops, nicolae_shop_stone
D:9:      layout_basic, dpeg_oklobed_lair, uniq_prince_ribbit1
Lair:1:   dreamdust_cave_troll, layout_hall_layers, cheibrodos_lair_reptile_den
Lair:2:   layout_gridlike, nicolae_shoals_entry_flooding,
          nicolae_spider_entry_orb_guardian, serial_bayou_ford_a
Spider:1: layout_spider_delve

Skill      XL: |  1  2  3  4  5  6  7  8  9 10 11 12 |
---------------+-------------------------------------+-----
Invocations    | 1 2 3 4 5 6 7 8 |  8.0
Short Blades   | 1 2 3 5 6 7 |  7.3
Long Blades    | 1 2 3 5 6 7 |  7.3
Axes           | 1 2 3 5 6 7 |  7.3
Maces & Flails | 1 2 3 5 6 7 |  7.3
Polearms       | 1 2 3 5 6 7 |  7.3
Ranged Weapons | 1 2 3 5 6 7 |  7.3
Armour         | 1 2 3 5 6 7 |  7.3
Stealth        | 1 2 3 5 6 7 |  7.3
Shields        | 1 2 3 5 6 7 |  7.3
Unarmed Combat | 1 2 3 5 6 7 |  7.3
Spellcasting   | 1 2 3 5 6 7 |  7.3
Evocations     | 1 2 3 5 6 7 |  7.3
Conjurations   | 1 2 3 4 5 6 |  6.0
Hexes          | 1 2 3 4 5 6 |  6.0
Summonings     | 1 2 3 4 5 6 |  6.0
Necromancy     | 1 2 3 4 5 6 |  6.0
Translocations | 1 2 3 4 5 6 |  6.0
Transmutations | 1 2 3 4 5 6 |  6.0
Fire Magic     | 1 2 3 4 5 6 |  6.0
Ice Magic      | 1 2 3 4 5 6 |  6.0
Air Magic      | 1 2 3 4 5 6 |  6.0
Earth Magic    | 1 2 3 4 5 6 |  6.0
Poison Magic   | 1 2 3 4 5 6 |  6.0
Fighting       | 5 6 7 8 |  8.7
Throwing       | 5 6 7 8 |  8.7
Staves         | 7 8 9 |  9.9
Dodging        | 7 8 9 |  9.9

Action                     |  1- 3 |  4- 6 |  7- 9 | 10-12 || total
---------------------------+-------+-------+-------+-------++-------
  Melee: Quarterstaff      |    95 |    44 |   167 |   149 ||   455
         Bite              |     8 |     2 |    23 |    20 ||    53
         Headbutt          |       |       |    12 |    33 ||    45
         Unarmed           |       |       |       |     6 ||     6
  Throw: Throwing net      |       |     1 |     6 |     3 ||    10
   Cast: Stone Arrow       |       |       |       |     5 ||     5
         Ensorcelled Hiber |       |       |       |     2 ||     2
         Animate Dead      |       |       |       |     2 ||     2
         Mephitic Cloud    |       |       |       |     1 ||     1
         Spider Form       |       |       |       |     1 ||     1
 Invoke: Ancestor Identity |     1 |       |       |       ||     1
         Recall Ancestor   |     1 |     1 |       |       ||     2
         Ancestor Life: Ba |     1 |       |       |       ||     1
  Evoke: Wand              |       |       |     3 |     8 ||    11
    Use: Scroll            |     2 |     3 |    16 |    11 ||    32
         Potion            |       |       |     2 |    10 ||    12
   Stab: Distracted        |       |     1 |     1 |     2 ||     4
         Held in net/web   |       |       |       |     1 ||     1
         Sleeping          |       |       |       |     1 ||     1
 Armour: Leather armour    |    36 |       |       |       ||    36
         Storm dragon scal |     1 |    23 |   101 |     6 ||   131
         Troll leather arm |       |       |       |    36 ||    36
         Skin              |       |       |       |     2 ||     2
  Dodge: Dodged            |   104 |    16 |    95 |   194 ||   409
  Block: Other             |       |       |       |    35 ||    35
